 Dungeon Crawl Stone Soup version 0.30-a0-528-g8c47a4955b (webtiles) character file.

Game seed: 2947734720194301129

221 Darkkill the Shooter (level 5, -3/46 HPs)
             Began as a Minotaur Hunter on Dec 23, 2022.
             Slain by a gnoll
             ... wielding a +0 flail
              (11 damage)
             ... on level 2 of the Dungeon.
             The game lasted 00:00:56 (1063 turns).

Darkkill the Shooter (Minotaur Hunter)              Turns: 1063, Time: 00:00:57

Health: -3/46      AC:  3    Str: 15    XL:     5   Next: 65%
Magic:  4/4        EV: 13    Int:  6    God:
Gold:   53         SH:  0    Dex: 16    Spells: 4/4 levels left

rFire   . . .      SeeInvis .    a - +0 shortbow
rCold   . . .      Faith    .    (shield currently unavailable)
rNeg    . . .      Spirit   .    c - +0 leather armour
rPois   .          Reflect  .    (helmet restricted)
rElec   .          Harm     .    (no cloak)
rCorr   .          Rampage  .    (no gloves)
Will    .....                    (no boots)
Stlth   ++                       (no amulet)
HPRegen 0.27/turn                (no ring)
MPRegen 0.09/turn                (no ring)

@: no status effects
A: horns 2, retaliatory headbutt
a: no special abilities


You were on level 2 of the Dungeon.
You visited 1 branch of the dungeon, and saw 2 of its levels.

You collected 53 gold pieces.

Inventory:

Hand Weapons
 a - a +0 shortbow (weapon)
Missiles
 f - 15 stones
Armour
 c - a +0 leather armour (worn)
Scrolls
 b - a scroll of immolation
Potions
 e - a potion of brilliance
 g - a potion of lignification
 h - a potion of attraction


   Skills:
 + Level 4.1 Fighting
 + Level 5.4 Ranged Weapons
 + Level 3.7 Dodging
 + Level 2.5 Stealth


You had 4 spell levels left.
You didn't know any spells.
Your spell library contained the following spells:

 Spells                   Type           Power      Damage    Failure   Level
 Cigotuvi's Dreadful Rot  Necr/Pois/Air  0%         N/A       67%         2
 Poisonous Vapours        Pois/Air       0%         N/A       67%         2
 Mephitic Cloud           Conj/Pois/Air  0%         N/A       88%         3


Dungeon Overview and Level Annotations

Branches:
Dungeon (2/15)

Altars:

Shops:
D:1 :


Innate Abilities, Weirdness & Mutations

You have a pair of horns on your head.
You reflexively headbutt those who attack you in melee.


Message History

Found a leather armour.
No target in view!
You see here a +0 leather armour.
f - 15 stones (gained 4)
A gnoll comes into view. It is wielding a +0 whip.
You see here a ring of poison resistance.
A gnoll is nearby!
You shoot an arrow.
The arrow hits the gnoll but does no damage.
The gnoll shouts!
You hear a shout! x2
A gnoll comes into view. It is wielding a +0 flail.
There are monsters nearby!
You shoot an arrow. The gnoll shouts!
The arrow hits the gnoll!
The gnoll is severely wounded.
You shoot an arrow. The arrow closely misses the gnoll.
An adder comes into view.
A gnoll comes into view. It is wielding a +0 vampiric spear.
There are monsters nearby!
You shoot an arrow. The arrow closely misses the gnoll.
The arrow barely misses the gnoll.
The arrow hits the gnoll but does no damage.
There are monsters nearby!
You shoot an arrow. The arrow hits the gnoll!
You kill the gnoll!
A gnoll comes into view. It is wielding a +0 club.
The gnoll moves out of view.
There are monsters nearby!
There are monsters nearby!
You shoot an arrow. The arrow closely misses the gnoll.
The arrow hits the adder!
The adder is severely wounded.
You shoot an arrow. The arrow hits the gnoll.
The gnoll is moderately wounded.
There are monsters nearby!
You shoot an arrow. The arrow hits the adder.
The adder is severely wounded.
The adder bites you.
The gnoll throws a throwing net.
The throwing net barely misses you. The gnoll closely misses you.
The adder barely misses you.
There are monsters nearby!
You shoot an arrow. The arrow closely misses the adder.
The gnoll barely misses you. The adder bites you but does no damage.
The gnoll barely misses you.
There are monsters nearby!
You shoot an arrow. The arrow hits the adder.
You kill the adder!
The gnoll closely misses you. The gnoll hits you but does no damage.
There are monsters nearby!
You shoot an arrow. The arrow closely misses the gnoll.
The gnoll hits you with a +0 flail! The gnoll completely misses you.
The gnoll hits you from afar with a +0 vampiric spear.
There are monsters nearby!
You are too injured to fight recklessly!
There are monsters nearby!
You are too injured to fight recklessly!
There are monsters nearby!
You are too injured to fight recklessly!
There are monsters nearby!
You are too injured to fight recklessly!
There are monsters nearby!
You are too injured to fight recklessly!
There are monsters nearby!
You are too injured to fight recklessly!
There are monsters nearby!
Fire: a) +0 shortbow
Press: ? - help, Q - select action, (/) - cycle Shift-Dir - straight line, f - gnoll, p - gnoll
Aim: a gnoll, wielding a +0 vampiric spear (68% to hit)
You shoot an arrow. The arrow hits the gnoll.
The gnoll is lightly wounded.
The gnoll closely misses you. The gnoll completely misses you.
The gnoll hits you with a +0 flail! The gnoll barely misses you.
The gnoll closely misses you. x2
Fire: a) +0 shortbow
Press: ? - help, Q - select action, (/) - cycle Shift-Dir - straight line, f/p - gnoll
Aim: a gnoll, wielding a +0 vampiric spear (68% to hit)
You shoot an arrow.
The arrow hits the gnoll but does no damage.
The gnoll is lightly wounded.
A bat comes into view.
The gnoll barely misses you. The gnoll closely misses you.
The gnoll misses you.
The bat moves out of view.
Fire: a) +0 shortbow
Press: ? - help, Q - select action, (/) - cycle Shift-Dir - straight line, f/p - gnoll
Aim: a gnoll, wielding a +0 vampiric spear (68% to hit)
You shoot an arrow.
The arrow hits the gnoll but does no damage.
The gnoll is lightly wounded.
The gnoll barely misses you. x2; The gnoll hits you with a +0 flail.
Fire: a) +0 shortbow
Press: ? - help, Q - select action, (/) - cycle Shift-Dir - straight line, f/p - gnoll
Aim: a gnoll, wielding a +0 vampiric spear (68% to hit)
You shoot an arrow. The arrow barely misses the gnoll.
The arrow hits the gnoll.
The gnoll is lightly wounded.
The gnoll hits you with a +0 club!
* * * LOW HITPOINT WARNING * * *
The gnoll barely misses you. The gnoll hits you with a +0 flail!
You die...

...#
##†.....##...#
#### #.).##.###.[#
#†..#
...##.#######
##..# #.##........
#..# #..#.#.(...#
#...####..........
#.#.†.......####$#
#.#..##.....# .
..#...#..@..#
#.gg..#
...)g......
..##..........#
..####...##.# ...
##... . .b. ....
.. .....


You could see 3 gnolls and a bat (wandering).

Vanquished Creatures
  Sigmund (D:2)
  A gnoll (D:2)
  An adder (D:2)
  A worm (D:2)
  A dart slug (D:1)
  4 ball pythons
  5 endoplasms (D:1)
  A giant cockroach (D:1)
  4 goblins (D:1)
  3 jackals (D:1)
  3 kobolds (D:1)
  2 quokkas (D:1)
  4 bats
  A frilled lizard (D:1)
  3 rats
35 creatures vanquished.

Notes
Turn   | Place    | Note
-------+----------+-------------------------------------------
     0 | D:1      | Darkkill the Minotaur Hunter began the quest for the Orb.
     0 | D:1      | Reached XP level 1. HP: 18/18 MP: 0/0
    24 | D:1      | Reached skill level 1 in Stealth
    29 | D:1      | Reached XP level 2. HP: 12/25 MP: 1/1
   481 | D:1      | Found Byishoir's Vocational Training.
   563 | D:1      | Reached XP level 3. HP: 31/31 MP: 2/2
   989 | D:2      | Noticed Sigmund
   998 | D:2      | Killed Sigmund
   999 | D:2      | Reached skill level 5 in Ranged Weapons
   999 | D:2      | Reached XP level 4. HP: 40/40 MP: 3/3
   999 | D:2      | Reached XP level 5. HP: 46/46 MP: 4/4
  1063 | D:2      | HP: 8/46 [gnoll/+0 club (7)]
  1063 | D:2      | Slain by a gnoll

Illustrated notes

Levels and vault maps discovered:
D:1:      dreamdust_arrival_beginning_and_end, layout_basic,
          nicolae_shop_vocational
D:2:      layout_rooms, basic_altar, nrook_loot_triangle, uniq_sigmund

Skill      XL: |  1  2  3 |
---------------+----------+-----
Stealth        | 1 2 |  2.5
Fighting       | 3 4 |  4.1
Ranged Weapons | 5 |  5.4
Dodging        | 3 |  3.7

Action                   |  1- 3 |  4- 6 || total
-------------------------+-------+-------++-------
 Fire: Shortbow          |    92 |    17 ||   109
  Use: Scroll            |     3 |       ||     3
Armor: Leather armour    |     9 |     2 ||    11
Dodge: Dodged            |    17 |    18 ||    35

Table legend: (Time is in decaauts)
 A = Elapsed time spent in this place.
 B = Non-inter-level travel time spent in this place.
 C = Inter-level travel time spent in this place.
 D = Time resting spent in this place.
 E = Time spent auto-exploring this place.
 F = Levels seen in this place.
 G = Mean time per level.
                   A        B        C        D        E       F      G
               +--------+--------+--------+--------+--------+-----+--------+
         Total |   1093 |   1007 |     86 |      0 |    810 |   2 |  546.5 |
       Dungeon |   1093 |   1007 |     86 |      0 |    810 |   2 |  546.5 |
               +--------+--------+--------+--------+--------+-----+--------+

Top non-repeatable levels by time:
     D:1: 1001 daAuts
     D:2: 92 daAuts

Table legend:
 A = Kills in this place as a percentage of kills in entire the game.
 B = Kills by you in this place as a percentage of kills by you in the entire game.
 C = Kills by friends in this place as a percentage of kills by friends in the entire game.
 D = Other kills in this place as a percentage of other kills in the entire game.
 E = Experience gained in this place as a percentage of experience gained in the entire game.
 F = Experience gained in this place divided by the number of levels of this place that you have seen.
                   A       B       C       D       E      F
               +-------+-------+-------+-------+-------+----------------------
         Total | 100.0 | 100.0 |   N/A |   N/A | 100.0 | 158.5
       Dungeon | 100.0 | 100.0 |   N/A |   N/A | 100.0 | 158.5
               +-------+-------+-------+-------+-------+----------------------
